Map: 2000 Atmospheres LE

Players

goblin

  • Race: Protoss Protoss

MaxPax - Winner!

  • Race: Protoss Protoss

Event: DreamHack SC2 Masters 2021 Fall

VOD

Have the link to the VOD?

Description

Time

  • Played on: Aug. 5, 2021, 11:08 a.m.
  • Length: 7:42

All games in this series

Show
View Real Time Build Order
Export as new Build Order

goblin Protoss 

Build Orders:  

Get SALT Encoding   

  12  0:00  Probe  
  13  0:12  Probe  
  14  0:17  Pylon  
  14  0:24  Probe (Chrono Boost)  
  15  0:36  Probe (Chrono Boost)  
  15  0:37  Gateway  
  16  0:45  Probe (Chrono Boost)  
  16  0:46  Assimilator  
  17  0:51  Probe  
  17  0:56  Assimilator  
  18  1:03  Probe (Chrono Boost)  
  19  1:05  Pylon  
  19  1:13  Probe (Chrono Boost)  
  19  1:18  Probe (Chrono Boost)  
  21  1:28  Cybernetics Core  
  21  1:29  Zealot  
  21  1:30  Probe  
  24  1:42  Probe  
  25  1:54  Probe  
  26  2:05  Stalker  
  28  2:14  Nexus  
  28  2:23  Probe  
  28  2:25  Pylon  
  29  2:30  Warp Gate  
  29  2:35  Probe  
  30  2:43  Stalker  
  32  2:45  Shield Battery  
  32  2:47  Probe (Chrono Boost)  
  33  2:54  Shield Battery  
  33  2:59  Probe (Chrono Boost)  
  34  3:08  Probe (Chrono Boost)  
  35  3:13  Probe  
  35  3:14  Stalker  
  35  3:16  Shield Battery  
  38  3:25  Probe  
  39  3:29  Shield Battery  
  39  3:35  Probe (Chrono Boost)  
  39  3:38  Probe (Chrono Boost)  
  41  3:43  Twilight Council  
  41  3:46  Probe (Chrono Boost)  
  41  3:47  Probe (Chrono Boost)  
  43  3:48  Stalker  
  43  3:51  Probe (Chrono Boost)  
  43  3:52  Probe (Chrono Boost)  
  48  4:02  Probe  
  48  4:08  Probe  
  49  4:12  Gateway x2  
  49  4:14  Probe  
  49  4:16  Blink (Chrono Boost)  
  50  4:17  Pylon  
  50  4:26  Probe  
  50  4:29  Probe  
  50  4:31  Stalker  
  52  4:37  Assimilator  
  52  4:39  Probe  
  52  4:41  Probe  
  54  4:50  Pylon  
  54  4:51  Probe  
  55  4:53  Probe  
  55  4:54  Stalker  
  58  5:03  Probe  
  59  5:09  Pylon  
  59  5:11  Stalker x2  
  64  5:15  Gateway x2  
  64  5:21  Pylon  
  63  5:30  Gateway  
  63  5:35  Gateway  
  63  5:39  Stalker  
  63  5:40  Stalker x2  
  69  5:45  Pylon  
  69  6:03  Nexus  
  69  6:06  Stalker x3  
  73  6:11  Stalker  
  73  6:12  Stalker  
  75  6:26  Pylon, Stalker  
  75  6:30  Stalker x2  
  81  6:32  Stalker  
  81  6:38  Stalker x2  
  87  6:42  Stalker  
  68  7:11  Stalker x3  
Show
View Real Time Build Order
Export as new Build Order

MaxPax Protoss - Winner!

Build Orders: Oracle Opening 

Get SALT Encoding   

  12  0:00  Probe  
  13  0:12  Probe  
  14  0:19  Pylon  
  14  0:24  Probe  
  15  0:37  Probe (Chrono Boost)  
  15  0:39  Gateway  
  16  0:47  Assimilator, Probe (Chrono Boost)  
  17  0:52  Probe (Chrono Boost)  
  18  1:03  Probe (Chrono Boost)  
  19  1:11  Assimilator  
  19  1:12  Pylon  
  19  1:15  Probe (Chrono Boost)  
  20  1:24  Probe (Chrono Boost)  
  21  1:25  Cybernetics Core  
  21  1:30  Probe  
  24  1:42  Probe  
  26  1:54  Probe  
  26  2:05  Adept (Chrono Boost)  
  26  2:06  Nexus  
  26  2:17  Stargate  
  26  2:18  Probe  
  27  2:26  Warp Gate  
  27  2:33  Probe  
  29  2:38  Stalker  
  29  2:39  Pylon  
  29  2:45  Probe  
  30  2:55  Shield Battery  
  30  2:57  Probe  
  31  2:59  Oracle (Chrono Boost)  
  34  3:09  Probe  
  34  3:10  Shield Battery  
  35  3:18  Probe  
  36  3:21  Probe  
  37  3:28  Void Ray (Chrono Boost)  
  37  3:30  Probe  
  37  3:33  Probe  
  41  3:42  Probe  
  41  3:45  Probe  
  43  3:53  Gateway  
  43  3:55  Probe  
  44  3:58  Probe  
  44  3:59  Shield Battery  
  45  4:04  Twilight Council  
  45  4:07  Probe  
  46  4:10  Probe  
  46  4:14  Stalker  
  49  4:19  Probe  
  49  4:20  Pylon  
  49  4:22  Probe  
  51  4:28  Blink (Chrono Boost)  
  51  4:29  Forge  
  51  4:31  Probe  
  52  4:34  Probe  
  53  4:42  Gateway  
  53  4:43  Assimilator, Probe  
  54  4:47  Probe  
  54  4:48  Gateway  
  55  4:56  Stalker x2  
  59  5:00  Pylon  
  59  5:03  Assimilator  
  59  5:10  Dark Shrine  
  59  5:11  Probe x2  
  61  5:24  Stalker x2  
  65  5:28  Pylon  
  65  5:39  Nexus  
  65  5:44  Stalker  
  66  5:50  Stalker  
  66  5:52  Stalker  
  70  5:57  Photon Cannon  
  70  6:06  Stalker  
  70  6:07  Probe x2  
  70  6:09  Pylon  
  74  6:23  Dark Templar  
  74  6:24  Dark Templar  
  78  6:27  Probe x2  
  78  6:29  Stalker  
  82  6:37  Shield Battery  
  82  6:39  Probe x2  
  80  6:50  Dark Templar  
  80  6:51  Photon Cannon, Probe x2  
  81  6:55  Dark Templar  
  81  6:58  Dark Templar  
  81  6:59  Probe  
  78  7:14  Dark Templar  
  78  7:15  Probe  
  75  7:21  Pylon  
  75  7:22  Pylon  
  73  7:25  Probe  
  69  7:32  Gateway  
  69  7:36  Gateway  
  68  7:38  Gateway  

Tags
 
Add a new tag
Caveats
  • Supply blocks, unpowered buildings, or Contaminate may cause inaccurate times.
  • Supply counts are checked every 10 seconds.